 Dungeon Crawl Stone Soup version 0.15-a0-1206-g3bad1a6 (webtiles) character file.

3149 Deemzul the Martial Artist (level 9, -2/99 HPs)
             Began as an Octopode Monk on May 31, 2014.
             Slain by a wyvern (4 damage)
             ... on Level 8 of the Dungeon on June 1, 2014.
             The game lasted 00:12:10 (6111 turns).

Deemzul the Martial Artist (Octopode Monk)          Turns: 6111, Time: 00:12:10

HP  -2/99        AC  1     Str 16      XL: 9   Next: 93%
MP  13/13        EV 13     Int 12      God:
Gold 274         SH  0     Dex 17      Spells:  0 memorised,  8 levels left

rFire  . . .     SeeInvis .       - Unarmed
rCold  . . .     Clarity  .     (no shield)
rNeg   . . .     rCorr    .     (helmet restricted)
rPois  .         rRot     .     j - amulet of the gourmand
rElec  .         Spirit   .     (no ring)
SustAb .         Warding  .     (no ring)
rMut   .         Stasis   .     (no ring)
Gourm  +                        (no ring)
MR     .....                    (no ring)
                                (no ring)
                                (no ring)
                                (no ring)

@: berserking, very quick, not resistant to hostile enchantments, extremely
unstealthy
A: almost no armour, amphibious, 8 rings, constrict 8, camouflage 1, gelatinous
body 1
a: no special abilities


You were on level 8 of the Dungeon.
You were very full.

You visited 2 branches of the dungeon, and saw 9 of its levels.

You collected 274 gold pieces.

Inventory:

Hand weapons
 u - a +1 blowgun
Missiles
 n - 13 stones (quivered)
 v - 24 poisoned needles
Magical devices
 f - a wand of flame (8)
 q - a wand of confusion (7)
 w - a wand of flame (9)
 I - a wand of magic darts (9)
Comestibles
 a - 11 beef jerkies
 b - 9 bread rations
 g - a royal jelly
 i - 7 fruits
 k - 3 meat rations
 m - 4 slices of pizza
Scrolls
 d - 2 scrolls of recharging {unknown}
 e - 2 scrolls of teleportation
 p - a scroll of blinking
 r - 5 scrolls of identify
 s - 3 scrolls of remove curse
 t - a scroll of noise
 x - a scroll of fog
 A - a scroll of fear
Jewellery
 j - an amulet of the gourmand (around mantle)
 l - an uncursed amulet of resist mutation
Potions
 c - 2 potions of agility
 h - 3 potions of curing
 z - a potion of heal wounds
 B - 3 potions of magic {unknown}
 F - a potion of poison {unknown}
Books
 o - a book of Spatial Translocations

   Spells                             Type                      Level
   Apportation                        Translocation                1
   Blink                              Translocation                2
   Shroud of Golubria                 Charms/Translocation         2
   Portal Projectile                  Translocation                3
   Teleport Other                     Translocation                3
   Passage of Golubria                Translocation                4
 y - a book of the Earth

   Spells                             Type                      Level
   Leda's Liquefaction                Hexes/Earth                  4
   Bolt of Magma                      Conjuration/Fire/Earth       5
   Statue Form                        Transmutation/Earth          6
   Iron Shot                          Conjuration/Earth            6
   Shatter                            Earth                        9


   Skills:
 + Level 8.2 Fighting
 - Level 3.0 Dodging
 - Level 2.6 Stealth
 * Level 11.4 Unarmed Combat
 + Level 3.2 Evocations


You had 8 spell levels left.
You didn't know any spells.

Dungeon Overview and Level Annotations

Branches:
Dungeon (8/15)             Temple (1/1) D:5
   Lair: D:8-11

Altars:
Ashenzari
Cheibriados
Dithmenos
Elyvilon
Fedhas
Gozag
Kikubaaqudgha
Makhleb
Nemelex Xobeh
Okawaru
Sif Muna
Trog
Vehumet
Xom
Yredelemnul
The Shining One


Innate Abilities, Weirdness & Mutations

You cannot wear most types of armour.
You are amphibious.
You can wear up to eight rings at the same time.
You can use your tentacles to constrict many enemies at once.
Your skin changes colour to match your surroundings (Stealth).
Your rubbery body absorbs attacks (AC +1).


Message History

The wyvern is moderately wounded.
The wyvern bites you.
* * * LOW HITPOINT WARNING * * *
You closely miss the wyvern. You tentacle-slap the wyvern.
The wyvern is heavily wounded.
The wyvern bites you.
* * * LOW HITPOINT WARNING * * *
You closely miss the wyvern. You squeeze the wyvern!
The wyvern is severely wounded.
The wyvern bites you!
* * * LOW HITPOINT WARNING * * *
You barely miss the wyvern.
The wyvern is severely wounded.
You batter the wyvern!!
You kill the wyvern!
Your Evocations skill increases to level 3!
You tentacle-slap the wyvern.
The wyvern is moderately wounded.
The wyvern bites you.
You die...

######### #.# #..#### # #.......#
#.# #..# # #...!...#### #.# #..#
# ...........# #.# #..# #
...........# #.# #..######
...........# #.######.......#
....!......# #.#............#
...........#######.........######
..............zD@..........>.....
..#########....#####.############
. #....# #.# #....# #.# #....#
#.# #....# #.# ###### #.# #.# #.#


You could see a wyvern and a wight.

Vanquished Creatures
  Joseph (D:7)
  Grinder (D:4)
  A wyvern (D:8)
  Eustachio (D:4)
  Menkaure (D:4)
  A hill giant skeleton (D:8)
  An ice beast (D:6)
  4 ogres
  A sky beast (D:7)
  A phantom (D:7)
  An orc warrior (D:7)
  Sigmund (D:4)
  A giant frog (D:7)
  2 centaurs
  Blork the orc (D:5)
  3 scorpions
  3 wights (D:8)
  3 hounds
  2 crimson imps
  5 orc wizards
  4 worker ants
  2 ogre skeletons
  2 big fish zombies (D:3)
  5 adders
  4 shadow imps
  2 giant mites
  A worm (D:2)
  An adder skeleton (D:6)
  8 giant geckos
  An ooze (D:5)
  12 orcs
  A bat zombie (D:7)
  4 giant cockroaches
  13 goblins
  14 hobgoblins
  11 kobolds
  5 quokkas
  4 ball pythons
  11 bats
  A giant gecko zombie (D:5)
  3 giant newts
  A hobgoblin skeleton (D:4)
  2 kobold skeletons
  An orc skeleton (D:6)
  42 rats
  A rat zombie (D:5)
  3 ballistomycetes (D:6)
194 creatures vanquished.

Vanquished Creatures (others)
  A worker ant (D:6)
  A giant spore (D:6)
  A butterfly (D:7)
3 creatures vanquished.

Grand Total: 197 creatures vanquished

Notes
Turn   | Place    | Note
--------------------------------------------------------------
     0 | D:1      | Deemzul, the Octopode Monk, began the quest for the Orb.
     0 | D:1      | Reached XP level 1. HP: 16/16 MP: 1/1
   100 | D:1      | Reached XP level 2. HP: 10/21 MP: 2/2
   526 | D:2      | Reached XP level 3. HP: 23/26 MP: 3/3
   729 | D:2      | Reached skill level 5 in Unarmed Combat
   822 | D:2      | Reached XP level 4. HP: 14/33 MP: 4/4
  1589 | D:3      | Found a basalt altar of Yredelemnul.
  1594 | D:3      | Reached XP level 5. HP: 34/37 MP: 5/5
  1631 | D:3      | Found a sparkling altar of Nemelex Xobeh.
  1671 | D:3      | Found a shadowy altar of Dithmenos.
  1673 | D:3      | Found an opulent altar of Gozag.
  1797 | D:4      | Noticed Eustachio
  1802 | D:4      | Killed Eustachio
  1802 | D:4      | Reached skill level 6 in Unarmed Combat
  1802 | D:4      | Reached XP level 6. HP: 18/44 MP: 6/6
  1941 | D:4      | Noticed Grinder
  1948 | D:4      | Paralysed by Grinder for 3 turns
  1962 | D:4      | Killed Grinder
  1962 | D:4      | Reached skill level 5 in Fighting
  1962 | D:4      | Reached skill level 7 in Unarmed Combat
  1962 | D:4      | Reached XP level 7. HP: 24/50 MP: 7/7
  2151 | D:4      | Noticed Menkaure
  2168 | D:4      | Killed Menkaure
  2427 | D:4      | Reached skill level 8 in Unarmed Combat
  2455 | D:4      | Noticed Sigmund
  2633 | D:4      | Killed Sigmund
  2795 | D:4      | Reached XP level 8. HP: 34/57 MP: 8/8
  3036 | D:5      | Entered Level 5 of the Dungeon
  3454 | D:5      | Found a staircase to the Ecumenical Temple.
  3496 | Temple   | Entered the Ecumenical Temple
  3663 | D:5      | Noticed Blork the orc
  3667 | D:5      | Killed Blork the orc
  3667 | D:5      | Reached skill level 9 in Unarmed Combat
  3917 | D:6      | Found a radiant altar of Vehumet.
  4428 | D:6      | Found an ancient bone altar of Kikubaaqudgha.
  4935 | D:6      | Reached skill level 10 in Unarmed Combat
  4935 | D:6      | Reached XP level 9. HP: 43/64 MP: 9/9
  5083 | D:7      | Noticed Joseph
  5092 | D:7      | Killed Joseph
  5497 | D:7      | Reached skill level 1 in Evocations
  5782 | D:7      | Reached skill level 11 in Unarmed Combat
  6108 | D:8      | HP: 2/99 [wyvern (15)]
  6111 | D:8      | Slain by a wyvern

Action                   |  1- 3 |  4- 6 |  7- 9 || total
-------------------------+-------+-------+-------++-------
Melee: Unarmed           |   111 |    67 |   274 ||   452
Throw: Stone             |     7 |       |       ||     7
Evoke: Wand              |       |       |    15 ||    15
  Use: Potion            |       |     3 |     8 ||    11
       Scroll            |       |       |    13 ||    13
 Stab: Sleeping          |    10 |     7 |    13 ||    30
